[Event "44th Chess Olympiad Women 2022"]
[Site "Chennai"]
[Date "2022.07.30"]
[Round "2.31"]
[White "Caballero Quijano, Mitzy Mishell"]
[Black "Caku, Kler"]
[Result "1-0"]
[ECO "E02"]
[WhiteElo "2035"]
[BlackElo "1626"]
[Annotator "TA"]
[PlyCount "87"]
[EventDate "2022.07.29"]
[EventType "team-tourn"]
[EventCountry "IND"]
[SourceTitle "playchess.com"]
[Source "ChessBase"]
[SourceQuality "1"]
[WhiteTeam "Peru"]
[BlackTeam "Albania"]
[WhiteTeamCountry "PER"]
[BlackTeamCountry "ALB"]
[TimeControl "40/5400+30:1800+30"]

1. d4 d5 2. Nf3 Nf6 3. c4 e6 4. Qc2 Be7 5. g3 dxc4 6. Qxc4 Nbd7 7. Bg2 O-O 8. O-O c5 9. Rd1 a6 10. Qc2 cxd4 11. Nxd4 Bc5 {[%emt 0:01:34] E02: Open Catalan: 5 Qa4+.} 12. Nc3 (12. Na3 {looks sharper.} e5 13. Nf5 Ng4 14. e3) 12... Qe7 13. Nb3 Ba7 {[%emt 0:10:01] [#] White is slightly better.} 14. h3 $146 ({Predecessor:} 14. Bd2 h6 15. Rac1 Rb8 16. a3 Re8 17. Na4 e5 18. Bb4 Qe6 19. Nbc5 Nxc5 20. Bxc5 Bxc5 21. Qxc5 {0-1 (29) Schlosser,P (2509)-Pulpan,J (2335) Pardubice 2016}) 14... Rb8 15. Bf4 e5 16. Bg5 $36 {[%emt 0:00:18][%mdl 2048] White is more active.} h6 17. Nd5 Qe6 18. Be3 Bxe3 19. Nxe3 (19. fxe3 Nxd5 20. Rxd5 Nf6 $11) 19... Nb6 {[%emt 0:05:15] [#]} (19... b6 $1 $14) 20. Qc7 $1 $16 Nbd7 21. Rac1 Qb6 22. Qc2 Rd8 (22... Qe6 $16 {is a better defense.} 23. g4 e4) 23. a4 (23. Nf5 $18) 23... Nf8 24. a5 Rxd1+ 25. Rxd1 ({Much less strong is} 25. Nxd1 $6 Qb4 $11) ({Resist} 25. Qxd1 $6 Qb4 $14) 25... Qa7 26. Nc4 {[%emt 0:00:43][%cal Be3c4,Bc4e5,Be5c6][%mdl 32] White is much more active.} Be6 27. Nxe5 Rc8 {[%emt 0:00:57] Prevents Qc5.} 28. Qd3 Qb8 29. f4 b6 (29... N6d7 $16) 30. Nc6 $18 Qb7 31. Nbd4 bxa5 32. Qa3 {[%emt 0:03:06] [#] Hoping for Ne7+.} Kh8 $2 (32... Re8 33. e4 (33. Qxa5 Qxb2 34. e4 Bd7 $16) 33... Qb6 34. Nxa5 Rc8) 33. Ne7 Qc7 34. Nxc8 Qxc8 35. Nc6 {[%emt 0:01:30] Threatens to win with Rd8.} N8d7 36. Qxa5 {[%emt 0:01:10] White is clearly winning.} Qb7 37. b4 Bb3 38. Rc1 Be6 39. e3 Qa8 40. f5 Bb3 41. Rc3 Bd1 42. Qa1 Be2 43. Nd4 Qe8 44. Nxe2 {[%emt 0:00:12] Weighted Error Value: White=0.21 (precise) /Black=0.38} 1-0

[Event "44th Chess Olympiad Women 2022"]
[Site "Chennai"]
[Date "2022.07.30"]
[Round "2.31"]
[White "Shuqja, Klean"]
[Black "Chumpitaz, Ann"]
[Result "0-1"]
[ECO "B40"]
[WhiteElo "1883"]
[BlackElo "2278"]
[Annotator "TA"]
[PlyCount "78"]
[EventDate "2022.07.29"]
[EventType "team-tourn"]
[EventCountry "IND"]
[SourceTitle "playchess.com"]
[Source "ChessBase"]
[SourceQuality "1"]
[WhiteTeam "Albania"]
[BlackTeam "Peru"]
[WhiteTeamCountry "ALB"]
[BlackTeamCountry "PER"]
[TimeControl "40/5400+30:1800+30"]

1. e4 c5 2. Nf3 e6 3. b3 a6 4. Bb2 Nc6 5. Be2 d5 6. exd5 {[%emt 0:03:46] B40: Sicilian: 2...e6, Unusual lines.} exd5 7. d4 Nf6 8. O-O {[%emt 0:03:57] The position is equal.} Be7 9. c4 O-O {[%emt 0:05:14] [#]} 10. Na3 $146 (10. dxc5 {seems wilder.} dxc4 11. Bxc4 Bxc5 12. Nbd2) ({Predecessor:} 10. Nc3 dxc4 11. d5 Na5 12. bxc4 Bd6 13. Re1 Re8 14. Qc2 Bg4 15. Nd2 Bxe2 16. Nxe2 {0-1 (46) Elez,N (2207)-Rathnakaran,K (2458) Novi Sad 2016}) 10... cxd4 11. Nxd4 Nxd4 12. Qxd4 Qa5 13. Nc2 dxc4 14. Bxc4 Bf5 15. Ne3 Rfd8 16. Qe5 Qxe5 17. Bxe5 Be4 18. a4 Bc6 19. Nf5 Bc5 20. Bxf6 gxf6 21. Rac1 Bf8 22. Rfe1 Re8 {[%emt 0:04:18] Inhibits Ne7+.} 23. Rxe8 Rxe8 24. h3 Bd7 25. Ng3 Rc8 26. Rd1 Bxa4 27. Bxf7+ Kxf7 28. bxa4 $11 {[%emt 0:00:04][%mdl 4096] Endgame KRB-KRN} b5 29. axb5 axb5 30. Rd7+ Ke6 31. Rb7 (31. Rxh7 $15 b4 32. Ne2) 31... b4 $17 {[%emt 0:00:04] [#] White must now prevent ...Rc1+.} 32. Ne2 {[%emt 0:00:30] Inhibits Rc1+.} (32. Kf1 $17) 32... Rd8 (32... Kd5 $19 {aiming for ...Kc4.} 33. Kf1 Rc2 34. Nf4+ Kc4 35. Rc7+ Bc5) 33. g4 $2 {[%emt 0:00:31] Now White is beyond hope.} (33. Nf4+ $1 $15 Ke5 34. g3) 33... Kd5 $19 {[%emt 0:02:38] ...Bc5 is the strong threat.} 34. Nf4+ $2 (34. Kg2) 34... Kc4 (34... Kc6 $142 35. Rf7 b3 36. Rxf6+ Kb5) 35. Ne6 {[%emt 0:00:46] [#]} Rd1+ $1 36. Kg2 Bd6 {[%emt 0:00:09] Hoping for ...b3.} 37. Nc7 $2 (37. g5 {is more resistant.} Re1 38. Nd8 fxg5 39. Nc6) 37... b3 {[%emt 0:00:34] Black is clearly winning.} 38. Nb5 Bb4 {[%emt 0:00:11] And now ...b2 would win.} 39. Rc7+ Kxb5 {[%emt 0:00:07] Weighted Error Value: White=0.77/Black=0.20 (precise)} 0-1

[Event "44th Chess Olympiad Women 2022"]
[Site "Chennai"]
[Date "2022.07.30"]
[Round "2.31"]
[White "Omeri, Eklea"]
[Black "Bravo Mallco, Kate Azumi"]
[Result "0-1"]
[ECO "D10"]
[WhiteElo "1718"]
[BlackElo "1958"]
[Annotator "TA"]
[PlyCount "78"]
[EventDate "2022.07.29"]
[EventType "team-tourn"]
[EventCountry "IND"]
[SourceTitle "playchess.com"]
[Source "ChessBase"]
[SourceQuality "1"]
[WhiteTeam "Albania"]
[BlackTeam "Peru"]
[WhiteTeamCountry "ALB"]
[BlackTeamCountry "PER"]
[TimeControl "40/5400+30:1800+30"]

1. d4 d5 2. c4 c6 3. Nc3 dxc4 4. a4 e5 5. d5 Nf6 6. Bg5 {[%emt 0:09:40] D10: Slav Defence: 3 cxd5 (without early Nf3) and 3 Nc3.} cxd5 7. Bxf6 Qxf6 {[%emt 0:00:03] [#]} (7... gxf6 $19 8. Qxd5 Qb6 9. Qb5+ Nc6) 8. Nxd5 $146 {[%emt 0:00:24] Black is better.} ({Predecessor:} 8. Qxd5 Nc6 9. Qxc4 Be6 10. Qb5 O-O-O 11. e3 Bb4 12. Bc4 a6 13. Bxe6+ Qxe6 14. Qe2 {0-1 (31) Day,J-Reed,A England 1992}) 8... Qc6 {[%emt 0:00:09] White must now prevent ...Na6.} 9. e4 Be6 10. Rc1 ({White should play} 10. Nf3 Nd7 11. Be2) 10... Bxd5 11. Qxd5 Bb4+ 12. Ke2 Qxd5 (12... Qh6 $19 13. Qxe5+ (13. Rxc4 $2 Nc6 $19) 13... Kf8) 13. exd5 Na6 14. Rxc4 Kd7 (14... Rd8 $17 {And now ...0-0 would win.} 15. g3 Rxd5) 15. g3 $15 Kd6 16. b3 (16. Bh3 $15) 16... Rhc8 17. Ke3 f5 18. Nf3 {[%emt 0:05:19] [#]} Bc5+ ({But not} 18... Kxd5 $6 19. Rxc8 f4+ 20. gxf4 exf4+ 21. Kxf4 Rxc8 22. Bc4+ Kc5 23. Rd1 $11) ({Black should try} 18... Nc7 $1 $17 19. Ng5 Nxd5+ 20. Kf3 h6 21. Nf7+ Ke6 22. Rxc8 Rxc8) 19. Ke2 e4 ({Much worse is} 19... Kxd5 $6 20. Bh3 Ke6 21. Rhc1 $11) 20. Ng5 Kxd5 {[%emt 0:09:13] ...h6 is the strong threat.} 21. Bg2 Bd4 $36 {[%emt 0:02:41][%mdl 2048] White is under pressure.} 22. Rhc1 Rxc4 {[%emt 0:00:49] Dancing on a razor blade.} 23. bxc4+ Ke5 {[%emt 0:01:34] Strongly threatening ...h6.} 24. Rb1 $2 (24. Rd1 $11 {and White is okay.} Bb6 25. f4+ exf3+ 26. Bxf3) 24... b6 (24... h6 $19 25. Nf7+ Ke6) 25. f3 (25. Rd1 $15 Bc5 26. Nxh7) 25... h6 26. Nh3 (26. Nf7+ $17 {only move.} Kf6 27. Nd6) 26... Rc8 $19 27. fxe4 fxe4 28. Rb5+ Rc5 29. Nf4 {[%emt 0:02:05] [#]} Bg1 $1 30. Bf1 Nc7 ({Worse is} 30... Bxh2 31. Kf2 $15) 31. Rxc5+ Bxc5 {[%emt 0:00:02][%mdl 4096] Endgame KBN-KBN} 32. Kd2 (32. Bg2 $142) 32... Bg1 33. h3 Bf2 34. Ne2 (34. Ng6+ {was worth a try.} Kf6 35. Nf4) 34... Ne6 35. Bg2 Bd4 36. Bh1 g5 37. Bg2 Nc5 38. g4 $2 (38. h4) 38... Nxa4 39. Ng3 Nc5 {[%emt 0:01:01] Weighted Error Value: White=0.33/Black=0.25 (precise)} 0-1

[Event "44th Chess Olympiad Women 2022"]
[Site "Chennai"]
[Date "2022.07.30"]
[Round "2.32"]
[White "Aulia, Medina Warda"]
[Black "Manova, Ivana"]
[Result "1-0"]
[ECO "C77"]
[WhiteElo "2374"]
[BlackElo "1849"]
[Annotator "TA"]
[PlyCount "115"]
[EventDate "2022.07.29"]
[EventType "team-tourn"]
[EventCountry "IND"]
[SourceTitle "playchess.com"]
[Source "ChessBase"]
[SourceQuality "1"]
[WhiteTeam "Indonesia"]
[BlackTeam "Macedonia"]
[WhiteTeamCountry "INA"]
[BlackTeamCountry "MKD"]
[TimeControl "40/5400+30:1800+30"]

1. e4 e5 2. Nf3 Nc6 3. Bb5 a6 4. Ba4 Nf6 5. d3 b5 6. Bb3 Bc5 7. c3 d6 8. Bg5 {[%emt 0:05:17][%cal Bc1g5,Bg5h4,Bh4g3][%mdl 32] is cutting edge theory. C77: Ruy Lopez: 3...a6 4 Ba4 Nf6, unusual lines.} Be6 9. Nbd2 h6 {[%emt 0:12:01] Strongly threatening ...Bxb3.} 10. Bh4 {[%emt 0:01:12][%cal Ob3d5] [#] The position is equal.} g5 $146 ({Predecessor:} 10... Bxb3 11. Nxb3 Bb6 12. a4 Rb8 13. axb5 axb5 14. O-O Qe7 15. Re1 Qe6 16. d4 Ne7 {½-½ (40) Wagner,D (2572)-Erdos,V (2614) Biel 2021}) 11. Bg3 g4 (11... Nh5 $14) 12. Nh4 $16 Qd7 13. a4 Rb8 14. axb5 axb5 15. O-O Rg8 16. Bxe6 fxe6 17. Nb3 Bb6 18. Re1 Nh5 19. d4 Rg5 20. Kh1 Kf7 21. Qd3 Kg8 22. dxe5 (22. Rf1 $11) 22... Nxg3+ $15 (22... Nxe5 23. Bxe5 Rxe5 24. Rf1 $11) 23. Qxg3 (23. fxg3 $15 Nxe5 24. Qe2) 23... Nxe5 24. Nd4 Rf8 (24... c5 $19 25. Nc2 c4) 25. Rf1 (25. Ra6 $17 {might work better.}) 25... Nc4 $2 (25... c5 $19 26. Ndf5 exf5 27. Nxf5 Kh7) 26. Qd3 $11 Nxb2 27. Qe2 Nc4 28. f4 gxf3 $1 29. Rxf3 Bxd4 (29... Qe8 $1 $15) 30. Rxf8+ Kxf8 31. cxd4 Kg7 32. Rf1 (32. Nf3 $11 Rg6 33. Nh4) 32... Qe7 (32... Kg8 $15) 33. g3 Kh7 34. Qd3 Kg8 35. Rf2 Rg7 36. e5 Qg5 {[%emt 0:00:28] Inhibits Ng6.} (36... dxe5 37. Ng6 Qe8 38. Rf8+ Qxf8 39. Nxf8 Kxf8 40. dxe5 $16) 37. Qf3 {[%emt 0:03:45] [#]} (37. Qf1 $15 Qd8 38. Qc1) 37... d5 $2 (37... Qg4 $1 $17 38. exd6 Qxf3+ 39. Rxf3 cxd6) 38. Qd1 $2 (38. Qf8+ $1 $11 Kh7 39. Rf7) 38... Ne3 $2 (38... Qg4 $19 39. Qg1 Qe4+ 40. Ng2 Rf7 41. Rxf7 Kxf7 42. Qf2+ Qf5 43. Qxf5+ exf5) 39. Qd3 (39. Qf3 $2 Ng4 40. Qf8+ (40. Rf1 $2 Qd2 $19) 40... Kh7 $19) 39... Nc4 40. Qf1 {[%emt 0:03:22] Prevents Qc1. Hoping for Rf8+.} ({Wrong is} 40. Qf3 $2 Qg4 41. Qf8+ Kh7 $19) 40... Qg4 41. Rf8+ Kh7 {[%emt 0:30:09] aiming for ...Ne3.} 42. Rf4 Qh5 43. Qb1+ Kg8 $132 {[%emt 0:00:00][%mdl 2048] Black has counterplay} 44. Qxb5 Qd1+ 45. Kg2 {[%emt 0:00:00] Qe8+ is the strong threat.} Ne3+ 46. Kh3 {[%emt 0:00:00] Threatens to win with Qc6. Really sharp!} Qh5 $2 (46... Kh7 $11 {and Black has nothing to worry.}) 47. Qc6 $18 Re7 48. Qa8+ (48. Qa6 $18) 48... Re8 (48... Qe8 $16 {keeps fighting.} 49. Qa3 Nc4) 49. Qa4 Nf5 (49... Rf8 $2 50. Rxf8+ Kxf8 51. Qa3+ c5 52. Qxe3 $18) (49... Re7 $142) 50. Qd7 {[%emt 0:00:00] And now Rg4+ would win.} Re7 51. Qd8+ Kf7 $2 (51... Re8 $18 52. Qxc7 Kh8) 52. Rg4 {[%emt 0:00:00][%csl Gg4][%cal Rd8g8] White mates.} Ng7 {[%emt 0:00:35] [#]} 53. Rxg7+ $1 Kxg7 54. Qxe7+ Kh8 55. Qd8+ Kg7 56. Qxc7+ Kh8 57. Qc8+ Kg7 58. Qxe6 {[%emt 0:00:13] What a fight!  Weighted Error Value: White=0.32/Black=0.49} 1-0

[Event "44th Chess Olympiad Women 2022"]
[Site "Chennai"]
[Date "2022.07.30"]
[Round "2.32"]
[White "Citra, Dewi Ardhiani Anasta"]
[Black "Zhezhovska, Monika"]
[Result "1-0"]
[ECO "D02"]
[WhiteElo "2257"]
[BlackElo "1588"]
[Annotator "TA"]
[PlyCount "61"]
[EventDate "2022.07.29"]
[EventType "team-tourn"]
[EventCountry "IND"]
[SourceTitle "playchess.com"]
[Source "ChessBase"]
[SourceQuality "1"]
[WhiteTeam "Indonesia"]
[BlackTeam "Macedonia"]
[WhiteTeamCountry "INA"]
[BlackTeamCountry "MKD"]
[TimeControl "40/5400+30:1800+30"]

1. d4 d5 2. Bf4 Nf6 3. e3 e6 4. Nd2 c5 5. Ngf3 Nc6 6. c3 Bd6 7. Bg3 O-O 8. Bd3 b6 9. e4 {[%emt 0:04:05] Strongly threatening e5. Recently 9.Qe2 got a lot of attention. D02: 1 d4 d5 2 Nf3 sidelines, including 2...Nf6 3 g3 and 2...Nf6 3 Bf4.} dxe4 (9... Be7 $11) 10. Nxe4 $14 Be7 11. Nxf6+ {[%emt 0:05:22] White is slightly better.} Bxf6 12. Be4 Bb7 13. dxc5 bxc5 14. Qc2 h6 {[%emt 0:07:14] [#]} 15. Nd2 $146 ({Predecessor:} 15. Rd1 Qb6 16. O-O Rfd8 17. Rd2 Rxd2 18. Nxd2 Ba6 19. Re1 Rd8 20. Nf3 Bb7 21. h3 {½-½ (44) Szolc,G (2038)-Statucki,M (1754) Jastrzebia Gora 2019}) 15... Qe7 16. O-O Rfd8 17. Nc4 Rd7 {[%emt 0:05:33] [#]} (17... Bh4 $11 {and Black stays safe.}) 18. Rfe1 (18. Qa4 $1 $18 Rc8 19. Bf3) 18... Nd8 19. Rad1 {[%emt 0:03:16] 0x0.0005ed1645f7dp-1022s more active pieces. The black rooks are badly placed.} Bxe4 20. Qxe4 Nb7 $2 {[%emt 0:00:54] [#]} (20... Rxd1 $16 21. Rxd1 Nb7) 21. Rxd7 $1 $18 Qxd7 22. Na5 Nxa5 23. Qxa8+ Kh7 24. Qe4+ g6 25. h4 Nc6 26. h5 {[%emt 0:01:04] And now hxg6+ would win.} Ne7 27. Be5 Bg5 (27... Bxe5 $142 28. Qxe5 Qd2) 28. Qf3 {[%emt 0:02:59][%cal Rf3f7] White is clearly winning.} Nf5 29. Rd1 Qe7 30. Qc6 gxh5 31. Qc8 {[%emt 0:01:11] Weighted Error Value: White=0.14 (very precise) /Black=0.51} 1-0

[Event "44th Chess Olympiad Women 2022"]
[Site "Chennai"]
[Date "2022.07.30"]
[Round "2.32"]
[White "Stojkovska, Monika"]
[Black "Sukandar, Irine Kharisma"]
[Result "0-1"]
[ECO "C29"]
[WhiteElo "2091"]
[BlackElo "2373"]
[Annotator "TA"]
[PlyCount "64"]
[EventDate "2022.07.29"]
[EventType "team-tourn"]
[EventCountry "IND"]
[SourceTitle "playchess.com"]
[Source "ChessBase"]
[SourceQuality "1"]
[WhiteTeam "Macedonia"]
[BlackTeam "Indonesia"]
[WhiteTeamCountry "MKD"]
[BlackTeamCountry "INA"]
[TimeControl "40/5400+30:1800+30"]

1. e4 e5 2. Nc3 Nf6 3. f4 d5 4. fxe5 Nxe4 5. Qf3 Nc6 (5... f5 $5 ) 6. Bb5 {[%emt 0:05:48] C29: Vienna Game: 2...Nf6 3 f4.} Nxc3 7. dxc3 {[%emt 0:04:10] 7.dxc3 scores better than 7.bxc3.} a6 8. Bxc6+ {[%emt 0:03:39] The position is equal.} bxc6 9. Ne2 Qh4+ 10. g3 Qg4 {[%emt 0:01:19] [#]} 11. Rf1 $146 ({Predecessor:} 11. Qf2 Qf5 12. Qe3 c5 13. Nf4 Bb7 14. Rf1 O-O-O 15. Nd3 Qe6 16. Bd2 c4 17. Nf4 {1-0 (49) Yip,C (2404)-Sokolovsky,Y (2415) chess24.com INT 2021}) 11... Qxf3 12. Rxf3 Bg4 13. Rf4 h5 14. Be3 {[%emt 0:04:15] Against Bc5} g6 15. Ra4 Bg7 16. Bf4 (16. Bd4 $15) 16... O-O $17 17. Nd4 (17. Kf2 $17 {is a better defense.}) 17... Rfe8 (17... c5 $19 18. Nb3 c4) 18. Kf1 $2 (18. Kf2 $17) 18... c5 $19 (18... Bxe5 19. Bxe5 Rxe5 20. Ra5 $17) 19. Nb3 c4 (19... Bxe5 20. Nxc5 Bg7 21. Re1 $17) 20. Nc5 Bf8 (20... Bxe5 21. Bxe5 Rxe5 22. Re1 Rxe1+ 23. Kxe1 $17) (20... a5 $19 {and Black stays clearly on top.} 21. Re1 Bf8) 21. Ra5 $17 g5 $1 22. Bxg5 Rxe5 23. Bf4 Re2 $36 {[%emt 0:00:40][%mdl 2048] White is under strong pressure.} 24. Nd7 {[%emt 0:12:02] [#]} (24. h3 $17 Rh2 25. hxg4 Bxc5 26. Rxc5 Rh1+ 27. Ke2 Re8+ 28. Kf2 Rxa1 29. gxh5) 24... Bg7 $1 $19 (24... Rxh2 25. Nf6+ Kg7 26. Kg1 Rxc2 27. Nxg4 hxg4 28. Rxd5 $17) 25. Rxd5 $2 (25. h3 Bf3 26. Rxd5) 25... Rxc2 (25... Rae8 $142 26. Kg1 Be6) 26. Ne5 {[%emt 0:02:57] [#]} (26. Kg1 {was necessary.}) 26... Bh3+ $1 {[%emt 0:05:07] This bishop pair is nice.} (26... Rxb2 27. Nxg4 hxg4 28. Rg5 $17) (26... Rxh2 27. Kg1 Rxb2 28. Nxg4 hxg4 29. Rc5 $17) 27. Kg1 Rg2+ ({Inferior is} 27... Rxb2 28. Nxc4 Rg2+ 29. Kh1 $17) 28. Kh1 Rxb2 {[%emt 0:04:59] aiming for ...Bg2+.} 29. Rc5 $2 (29. Nxc4 {was forced.} Bg2+ 30. Kg1 Bxd5 31. Nxb2) 29... Rab8 {[%emt 0:01:44] ( -> ...Rb1+)} 30. Rg1 (30. Rd1 {was the only chance.} Bf8 31. Rxc4 (31. Rxc7 $2 Rb1 $19)) 30... R8b5 {[%emt 0:05:02] Black is clearly winning.} 31. Rxb5 axb5 (31... Rxb5 $2 {is the wrong capture.} 32. Nxc4 Be6 33. Ne3 $19) 32. Rc1 Re2 {[%emt 0:00:51] Weighted Error Value: White=0.60/Black=0.16 (very precise)} 0-1

[Event "44th Chess Olympiad Women 2022"]
[Site "Chennai"]
[Date "2022.07.30"]
[Round "2.32"]
[White "Nikolovska, Dragana"]
[Black "Mariroh, Fariha"]
[Result "0-1"]
[ECO "B06"]
[WhiteElo "1876"]
[BlackElo "1839"]
[Annotator "NA RC COMBH"]
[PlyCount "74"]
[EventDate "2022.07.29"]
[EventType "team-tourn"]
[EventCountry "IND"]
[SourceTitle "playchess.com"]
[Source "ChessBase"]
[SourceQuality "1"]
[WhiteTeam "Macedonia"]
[BlackTeam "Indonesia"]
[WhiteTeamCountry "MKD"]
[BlackTeamCountry "INA"]
[TimeControl "40/5400+30:1800+30"]

1. e4 c5 2. c3 d5 3. exd5 Qxd5 4. d4 g6 5. Nf3 Bg7 6. Na3 cxd4 7. Nb5 Na6 8. Nbxd4 Nf6 9. Bb5+ Bd7 10. Bxd7+ Nxd7 11. O-O O-O 12. Re1 Rfe8 13. Be3 Nb6 14. b3 Qh5 15. c4 Rad8 16. Qe2 e5 17. Nb5 e4 18. Nfd4 Qxe2 19. Rxe2 Nb4 20. Rd1 Nd3 21. Nc2 Nc8 22. Nc7 Rf8 23. Nd5 f5 24. Bd4 Rf7 25. Bxg7 Kxg7 26. Nd4 Rd6 27. Red2 a6 28. a4 Ne7 29. Nxe7 Rxe7 30. Ne2 Kf6 31. Nf4 Red7 32. Nxd3 Rxd3 33. Rxd3 Rxd3 34. Rb1 Ke5 35. b4 Kd4 36. Rc1 Rc3 37. Rxc3 Kxc3 0-1

[Event "44th Chess Olympiad Women 2022"]
[Site "Chennai"]
[Date "2022.07.30"]
[Round "2.33"]
[White "Rodriguez Rueda, Paula Andrea"]
[Black "Lampard, Alice"]
[Result "1-0"]
[ECO "D74"]
[WhiteElo "2237"]
[BlackElo "1729"]
[Annotator "TA"]
[PlyCount "93"]
[EventDate "2022.07.29"]
[EventType "team-tourn"]
[EventCountry "IND"]
[SourceTitle "playchess.com"]
[Source "ChessBase"]
[SourceQuality "1"]
[WhiteTeam "Colombia"]
[BlackTeam "Scotland"]
[WhiteTeamCountry "COL"]
[BlackTeamCountry "SCO"]
[TimeControl "40/5400+30:1800+30"]

1. d4 Nf6 2. c4 g6 3. Nf3 Bg7 4. g3 d5 5. cxd5 Nxd5 6. Bg2 O-O 7. O-O Nc6 8. Nc3 Nxc3 9. bxc3 Bd7 {[%emt 0:07:07] D74: Fianchetto Grünfeld: Main Line (5 Nf3 0-0 6 cxd5 Nxd5 7 0-0).} 10. e4 a6 {[%emt 0:04:49] [#]} 11. Bg5 $146 ({Predecessor:} 11. Rb1 b5 12. Bf4 Na5 13. Ne5 Bc8 14. Nd3 Nc4 15. e5 Rb8 16. Nc5 Rb6 17. a4 {1-0 (31) Gonzalez Diez,R-Villamanan Alonso,C Valladolid 1998}) 11... Na5 {[%emt 0:08:34][%cal Oc7c5] The position is equal.} 12. Qc1 Re8 13. Rb1 Qc8 14. Re1 Nc4 15. e5 Bc6 16. Nd2 Bxg2 17. Kxg2 Qe6 18. Kg1 b6 19. Nxc4 Qxc4 20. Qa3 f6 21. Bf4 g5 22. Be3 Rad8 23. Rb4 Qd3 24. e6 (24. Qb3+ $16 Kh8 25. Qc4 Qxc4 26. Rxc4) 24... Rd6 25. Bc1 a5 26. Rb2 (26. Qa4 $5 Rc8 27. Re3 $11) 26... Kh8 ({Resist} 26... Rxd4 27. Rd2 Qxd2 28. Bxd2 Rxd2 29. Qa4 $18) 27. Qb3 Red8 28. Rd2 Qf5 29. Rde2 Bf8 30. Qc4 {[%emt 0:02:56] Against Rc6} Qd5 31. Qxc7 {[%emt 0:04:40] aiming for Ba3.} Rc6 32. Qb7 Rxc3 33. Qxb6 Rc4 34. Bd2 Qxd4 35. Qxd4 (35. Bxa5 $5 Qxb6 36. Bxb6 $14) 35... Rdxd4 36. Bxa5 Bg7 (36... Rd5 $14 37. Bd2 Kg7) 37. Rb2 {[%emt 0:00:23] [#] Strongly threatening Rb8+.} Rc8 {[%emt 0:00:45] Prevents Rb8.} (37... Bf8 $16) 38. Rb7 $18 Bf8 39. Bb4 Re8 (39... Kg7 $142 40. Bxe7 Bxe7) 40. a4 Rdd8 41. Rc1 {[%emt 0:30:24] [#] Hoping for a5.} Ra8 42. a5 {[%emt 0:00:06] White is clearly winning.} Ra6 {[%emt 0:00:09] Against Rc6} 43. Rb6 Ra7 44. Rd1 Rc8 45. Rd7 Rcc7 46. Rb8 Kg7 47. Rdd8 {[%emt 0:00:07] Weighted Error Value: White=0.14 (very precise) /Black=0.30} 1-0

[Event "44th Chess Olympiad Women 2022"]
[Site "Chennai"]
[Date "2022.07.30"]
[Round "2.33"]
[White "Castrillon Gomez, Melissa"]
[Black "Cooke, Suzie G."]
[Result "1-0"]
[ECO "D30"]
[WhiteElo "2230"]
[BlackElo "1936"]
[Annotator "TA"]
[PlyCount "63"]
[EventDate "2022.07.29"]
[EventType "team-tourn"]
[EventCountry "IND"]
[SourceTitle "playchess.com"]
[Source "ChessBase"]
[SourceQuality "1"]
[WhiteTeam "Colombia"]
[BlackTeam "Scotland"]
[WhiteTeamCountry "COL"]
[BlackTeamCountry "SCO"]
[TimeControl "40/5400+30:1800+30"]

1. d4 d5 2. c4 e6 3. Nf3 c5 4. cxd5 exd5 5. g3 Nc6 6. Bg2 Nf6 7. O-O Be7 8. Be3 c4 9. b3 cxb3 {[%emt 0:08:11] D30: Queen's Gambit Declined: Systems without Nc3.} 10. Qxb3 Na5 11. Qd3 Nc4 {[%emt 0:06:58] White has an edge.} 12. Bf4 O-O 13. Nc3 g6 14. Ne5 Bf5 {[%emt 0:05:16] [#]} 15. Qd1 $146 (15. Qf3 $14) ({Predecessor:} 15. Qf3 Nb6 16. Bh6 Re8 17. g4 Be6 18. h3 Rc8 19. Rfb1 Nfd7 20. Nxd7 Qxd7 21. Nb5 {1-0 (36) Drasko,M (2557)-Citak,S (2324) Kemer 2007}) 15... Rc8 $11 16. Qb3 {[%emt 0:26:11] Hoping for Nxc4.} Na5 17. Qb2 a6 18. Rac1 b5 19. Bh6 Re8 {[%emt 0:00:24] [#]} 20. Nxd5 $1 Nxd5 21. e4 f6 $2 {[%emt 0:03:36][%mdl 8192] Loses the game.} (21... Bxe4 $11 22. Bxe4 Nb6) 22. exf5 $18 {[%emt 0:17:20] The board is on fire.} Rxc1 23. Qxc1 {[%emt 0:05:26] Black must now prevent Nc6.} fxe5 24. dxe5 {[%emt 0:00:07] Rd1 is the strong threat.} Nb4 $2 (24... gxf5 $2 25. Rd1 Kh8 26. Bxd5 $18) (24... Nb6) 25. f6 {[%emt 0:01:25] And now Rd1 would win.} Bxf6 (25... Nd3 $142 26. fxe7 Nxc1 27. exd8=Q Ne2+ 28. Kh1 Rxd8) 26. exf6 Qxf6 27. a3 Nbc6 28. Bd5+ Kh8 29. Bg5 {[%emt 0:01:11][%cal Rg5f6] This bishop pair is nice.} Qd6 {[%emt 0:01:57] [#]} 30. Qc5 Qe5 (30... Qf8 31. Qc3+) 31. f4 Qf5 32. Qc3+ {[%emt 0:00:27] Weighted Error Value: White=0.18 (very precise) /Black=0.85} 1-0